 Dungeon Crawl Stone Soup version 0.30-a0-121-gb27577e5d9 (webtiles) character file.

Game seed: 16206089223593562300

193 ragingrage the Poker (level 5, -5/36 HPs)
             Began as a Demonspawn Chaos Knight on Sept 14, 2022.
             Was a Plaything of Xom.
             Slain by an iron imp (7 damage)
             ... summoned by Natasha
             ... on level 3 of the Dungeon.
             The game lasted 00:02:49 (2789 turns).

ragingrage the Poker (Demonspawn Chaos Knight)      Turns: 2789, Time: 00:02:49

Health: -5/36      AC:  3    Str: 17 (18) XL:     5   Next: 43%
Magic:  5/5        EV: 16    Int: 11      God:    Xom [..*...]
Gold:   94         SH:  0    Dex: 13      Spells: 4/4 levels left

rFire   . . .      SeeInvis .    a - +0 spear (chaos)
rCold   + . .      Faith    .    (no shield)
rNeg    . . .      Spirit   .    b - +2 leather armour
rPois   .          Reflect  .    (no helmet)
rElec   .          Harm     .    (no cloak)
rCorr   .          Rampage  .    (no gloves)
Will    .....                    (no boots)
Stlth   +.........               (no amulet)
HPRegen 0.12/turn                l - +6 ring of strength
MPRegen 0.09/turn                (no ring)

@: mighty, agile
A: claws 1, powered by pain 1, cold resistance 1, deformed body, deterioration
1, dopey 1, frail 1, weak 1
a: Renounce Religion


You were on level 3 of the Dungeon.
You worshipped Xom.
You were a toy of Xom.
You visited 1 branch of the dungeon, and saw 3 of its levels.
You also visited: Sewer.

You collected 94 gold pieces.

Inventory:

Hand Weapons
 a - a +0 spear of chaos (weapon)
 k - a +3 hand axe
Missiles
 h - 3 boomerangs
Armour
 b - a +2 leather armour (worn)
Jewellery
 l - a +6 ring of strength (left claw)
Scrolls
 d - a scroll of brand weapon
 e - a scroll of teleportation {unknown}
 i - a scroll of enchant weapon {unknown}
 j - a scroll of immolation {unknown}
 m - a scroll of blinking {unknown}
 r - 3 scrolls of identify
Potions
 f - 3 potions of curing
 n - 2 potions of flight
Miscellaneous
 c - a piece from Xom's chessboard (15/15) (quivered)


   Skills:
 - Level 3.0 Fighting
 + Level 5.6 Polearms
 - Level 1.7 Armour
 - Level 0.8 Dodging


You had 4 spell levels left.
You didn't know any spells.
Your spell library was empty.

Dungeon Overview and Level Annotations

Branches:
Dungeon (3/15)              Sewer (visited)

Altars:
Xom

Annotations:
D:3 Natasha


Innate Abilities, Weirdness & Mutations

You have sharp fingernails.
You sometimes gain a little power by taking damage.
Your flesh is cold resistant. (rC+)
Armour fits poorly on your strangely shaped body.
Your body sometimes deteriorates upon taking damage.
You are dopey. (Int -2)
You are frail. (-10% HP)
You are weak. (Str -2)


Message History

You reach to attack!
You hit the iron imp.
The iron imp resists with some effort.
The iron imp is moderately wounded.
Something claws you.
You are too injured to fight recklessly!
You are too injured to fight recklessly!
You are too injured to fight recklessly!
You are too injured to fight recklessly!
You are too injured to fight recklessly!
You are too injured to fight recklessly!
You are too injured to fight recklessly!
You are too injured to fight recklessly!
You are too injured to fight recklessly!
You are too injured to fight recklessly!
You are too injured to fight recklessly!
You are too injured to fight recklessly!
You are too injured to fight recklessly!
You are too injured to fight recklessly!
You are too injured to fight recklessly!
You miss something. You hit something.
Nothing appears to happen.
You hear some strange, mumbled words.
A magic dart appears from out of thin air!
The magic dart hits you. The iron imp hits you!
* * * LOW HITPOINT WARNING * * *
You focus on the pain.
You feel agile all of a sudden.
You barely miss something. Something claws you!
* * * LOW HITPOINT WARNING * * *
Your body deteriorates!
You feel weakened.
You focus on the pain.
You feel very mighty all of a sudden.
You miss something. The iron imp barely misses you.
You hear some strange, mumbled words.
You miss something. Something closely misses you.
The iron imp completely misses you.
You miss something. Something completely misses you.
You closely miss something. The iron imp hits you!
You die...
Xom bursts into laughter!

###########..........
#~.~~~~~~~...........
##########...........
#.#....#..........
#.#....########.
#####......+....#
......#....####.#
#P..#....# #...5@..##
#..5{##.# #.... #.#
#...# #.# #... #.#
##.. #.# #. #.# #.
#.#


You could see an iron imp (summoned) and a crimson imp (summoned).

Vanquished Creatures
  An orc priest (D:2)
  6 adders
  A dart slug (D:1)
  3 orcs (D:2)
  15 ball pythons
  3 bats
  12 endoplasms
  12 giant cockroaches
  7 goblins
  A hobgoblin (D:1)
  5 jackals (D:2)
  10 quokkas
  8 frilled lizards
  4 kobolds
  9 rats
97 creatures vanquished.

Vanquished Creatures (others)
  An orc (D:2)
  A quokka zombie (D:2)
  2 plants (D:1)
  4 withered plants (D:1)
8 creatures vanquished.

Grand Total: 105 creatures vanquished

Notes
Turn   | Place    | Note
-------+----------+-------------------------------------------
     0 | D:1      | ragingrage the Demonspawn Chaos Knight began the quest for
                  | the Orb.
     0 | D:1      | Reached XP level 1. HP: 18/18 MP: 1/1
    35 | D:1      | Reached skill level 3 in Polearms
   130 | D:1      | Gained mutation: You sometimes gain a little power by
                  | taking damage. [demonic ancestry]
   130 | D:1      | Reached XP level 2. HP: 24/24 MP: 2/2
   370 | D:1      | XOM: divination: magic mapping
   490 | D:1      | XOM: cast spell 'Leda's Liquefaction'
   648 | D:1      | XOM: scenery: create altars
   680 | D:1      | XOM: 4-stop teleportation journey
   769 | D:1      | XOM: confuse monster(s)
   920 | D:1      | Reached XP level 3. HP: 29/29 MP: 3/3
   932 | D:1      | Found a faded altar of an unknown god.
  1049 | D:1      | XOM: noise
  1089 | D:2      | XOM: stealth player
  1091 | D:2      | XOM: god gift: scroll labelled XUSHRU FUIS {god gift}
  1198 | D:2      | XOM: enchant monster (good)
  1200 | D:2      | XOM: enchant monster (good)
  1206 | D:2      | Reached skill level 4 in Polearms
  1228 | D:2      | Gained mutation: You have sharp fingernails. [demonic
                  | ancestry]
  1228 | D:2      | Reached XP level 4. HP: 8/35 MP: 4/4
  1480 | D:2      | XOM: give mutations
  1480 | D:2      | Gained mutation: Your body sometimes deteriorates upon
                  | taking damage. [Xom's mischief]
  1480 | D:2      | Gained mutation: Your flesh is cold resistant. (rC+) [Xom's
                  | mischief]
  1480 | D:2      | Gained mutation: You are clumsy. (Dex -2) [Xom's mischief]
  1480 | D:2      | Lost mutation: You are clumsy. (Dex -2) [Xom's mischief]
  1539 | D:2      | XOM: 5-stop teleportation journey
  1795 | D:2      | Reached skill level 5 in Polearms
  2070 | D:3      | Found a glowing drain.
  2096 | Sewer    | Entered a sewer
  2131 | Sewer    | Reached XP level 5. HP: 41/41 MP: 5/5
  2176 | Sewer    | XOM: polymorph giant cockroach -> rat
  2284 | Sewer    | XOM: cloud trail
  2650 | Sewer    | XOM: 6-stop teleportation journey
  2754 | Sewer    | XOM: give mutations
  2754 | Sewer    | Gained mutation: You are frail. (-10% HP) [Xom's mischief]
  2754 | Sewer    | Gained mutation: You are dopey. (Int -2) [Xom's mischief]
  2754 | Sewer    | Gained mutation: Armour fits poorly on your strangely
                  | shaped body. [Xom's mischief]
  2754 | Sewer    | Gained mutation: You are weak. (Str -2) [Xom's mischief]
  2772 | D:3      | XOM: scenery: 1 doors close
  2776 | D:3      | Noticed Natasha
  2785 | D:3      | HP: 1/36 [something (8)]
  2789 | D:3      | Slain by an iron imp

Illustrated notes

Levels and vault maps discovered:
D:1:      shiori_arrival_maze, layout_loops_ring,
          shapermc_ecumenical_altar_flowoftime, amethyst_killhole,
          corexii_corridor_pit, st_stairs_3, hangedman_abyss_or_decor_stabs,
          minmay_unequal
D:2:      layout_basic
D:3:      corexii_shack_village, layout_basic, tso_metal_star,
          portal_sewer_entry_d, chequers_serial_rivers_marsh,
          grunt_ministairs_12, uniq_natasha

Skill      XL: |  1  2  3  4 |
---------------+-------------+-----
Polearms       | 3 4 5 |  5.6
Fighting       | |  3.0
Armour         | |  1.7
Dodging        | |  0.8

Action                   |  1- 3 |  4- 6 || total
-------------------------+-------+-------++-------
Melee: Spear             |   128 |   219 ||   347
       Punch             |     1 |     1 ||     2
  Use: Scroll            |     1 |     3 ||     4
 Stab: Sleeping          |     2 |     1 ||     3
       Petrifying        |       |     1 ||     1
Armor: Leather armour    |    28 |    58 ||    86
Dodge: Dodged            |    34 |    71 ||   105

Table legend: (Time is in decaauts)
 A = Elapsed time spent in this place.
 B = Non-inter-level travel time spent in this place.
 C = Inter-level travel time spent in this place.
 D = Time resting spent in this place.
 E = Time spent auto-exploring this place.
 F = Levels seen in this place.
 G = Mean time per level.
                   A        B        C        D        E       F      G
               +--------+--------+--------+--------+--------+-----+--------+
         Total |   2808 |   2737 |     71 |    389 |   1674 |   4 |  702.0 |
       Dungeon |   2109 |   2038 |     71 |    251 |   1328 |   3 |  703.0 |
         Sewer |    698 |    698 |      0 |    138 |    346 |   1 |  698.0 |
               +--------+--------+--------+--------+--------+-----+--------+

Top non-repeatable levels by time:
     D:1: 1083 daAuts
     D:2: 941 daAuts
   Sewer: 698 daAuts
     D:3: 85 daAuts
